 Dungeon Crawl Stone Soup version 0.29-a0-643-ga013cefcf8 (webtiles) character file.

Game seed: 10879053668893734856

87 happo123 the Gusty (level 4, -7/24 HPs)
             Began as a Tengu Air Elementalist on June 19, 2022.
             Killed from afar by Sigmund (11 damage)
             ... with a magic dart
             ... on level 3 of the Dungeon.
             The game lasted 00:15:27 (2409 turns).

happo123 the Gusty (Tengu Air Elementalist)         Turns: 2409, Time: 00:15:28

Health: -7/24      AC:  2    Str:  9    XL:     4   Next: 51%
Magic:  8/8        EV: 12    Int: 17    God:
Gold:   71         SH:  0    Dex: 14    Spells: 1/7 levels left

rFire   . . .      SeeInvis .   k - +0 rapier
rCold   . . .      Faith    .   (no shield)
rNeg    . . .      Spirit   .   a - +0 robe
rPois   .          Reflect  .   (helmet restricted)
rElec   .          Harm     .   (no cloak)
rCorr   .          Rampage  .   (no gloves)
Will    .....                   (boots unavailable)
Stlth   ++........              (no amulet)
HPRegen 0.08/turn               (no ring)
MPRegen 0.11/turn               (no ring)

@: no status effects
A: beak, talons 3
a: no special abilities


You were on level 3 of the Dungeon.
You visited 1 branch of the dungeon, and saw 3 of its levels.

You collected 71 gold pieces.

Inventory:

Hand Weapons
 g - a +0 short sword
 k - a +0 rapier (weapon)
Armour
 a - a +0 robe (worn)
Wands
 n - a wand of flame (23)
Scrolls
 c - 4 scrolls of identify {unknown}
 h - 2 scrolls of noise {unknown}
 m - a scroll of fog {unknown}
 o - a scroll of poison {unknown}
Potions
 b - a potion of magic
 d - a potion of ambrosia {unknown}
 e - a potion of brilliance {unknown}
 f - 2 potions of lignification {unknown}
 i - 2 potions of heal wounds {unknown}
 j - a potion of degeneration {unknown}
 l - 3 potions of flight {unknown}


   Skills:
 + Level 0.9 Fighting
 + Level 0.9 Short Blades
 + Level 2.6 Dodging
 + Level 2.4 Stealth
 + Level 2.2 Spellcasting
 * Level 2.9 Conjurations
 * Level 4.9 Air Magic


You had one spell level left.
You knew the following spells:

 Your Spells              Type           Power      Damage    Failure   Level
a - Shock                 Conj/Air       60%        1d6       3%          1
b - Static Discharge      Conj/Air       15%        N/A       6%          2
c - Swiftness             Air            18%        N/A       8%          3

Your spell library contained the following spells:

 Spells                   Type           Power      Damage    Failure   Level
 Airstrike                Air            9%         N/A       24%         4
 Dazzling Flash           Conj/Hex       12%        N/A       30%         3
 Call Canine Familiar     Summ           1%         N/A       50%         3
 Portal Projectile        Hex/Tloc       2%         N/A       50%         3
 Iskenderun's Mystic Bla  Conj/Tloc      6%         2d4       71%         4
 Leda's Liquefaction      Hex/Erth       0%         N/A       88%         4
 Olgreb's Toxic Radiance  Pois           1%         N/A       88%         4
 Starburst                Conj/Fire      3%         6d3       100%        6
 Ozocubu's Refrigeration  Ice            0%         4d5       100%        7
 Ignition                 Fire           0%         3d3       100%        8


Dungeon Overview and Level Annotations

Branches:
Dungeon (3/15)

Altars:
Makhleb

Annotations:
D:3 Sigmund


Innate Abilities, Weirdness & Mutations

You have a beak for a mouth.
You have claws for feet.


Message History

The adder is struck by an arc of lightning!
The adder is almost dead.
You are struck by an arc of lightning.
The lightning grounds out.
You feel sick. The adder bites you.
Casting: Static Discharge (safe; 6% risk of failure)
Confirm with . or Enter, or press ? or * to list all spells.
The adder is struck by an arc of lightning.
You kill the adder!
You are struck by an arc of lightning.
* * * LOW HITPOINT WARNING * * *
The lightning grounds out.
* * * LOW HITPOINT WARNING * * *
You feel sick.
* * * LOW HITPOINT WARNING * * *
You feel sick.
You see here an adder corpse.
You start resting.
* * * LOW HITPOINT WARNING * * *
You feel sick.
You start resting.
* * * LOW HITPOINT WARNING * * *
You feel sick.
You start resting.
* * * LOW HITPOINT WARNING * * *
You feel sick.
You are no longer poisoned.
You start resting.
Magic restored.
You start resting.
Sigmund is nearby!
Sigmund shouts!
Found 6 gold pieces.
Sigmund gestures at you while chanting. The magic dart hits you!
* * * LOW HITPOINT WARNING * * *
Unknown command.
l - 3 murky yellow potions (gained 2) Sigmund gestures at you while chanting.
The magic dart hits you!
You die...

........# #.##....#(. ........#
##)#####.#.# #########
#..##....... #########.#...#.....
#..#................
..#####.[#####..o.. #### #...
#.###....#... ...# #.$#
#..##..###..## ...# ... #@#
#.#...####.##. <..##...
#.#.#.#.###....... ...#...
#.#...#........### .....##
#.##..........####
......##########.##...)..{....##.
.............§.§.§...§.§.........
≈≈..≈≈≈≈.._..≈≈§§§.≈≈§§.......###
.............§§§.@....§§......#
####.#.#..######.§...§.......[#


You could see Sigmund.

Vanquished Creatures
  3 adders
  2 worms
  3 dart slugs
  An orc (D:3)
  5 endoplasms
  4 goblins
  4 hobgoblins
  5 jackals
  2 kobolds
  3 quokkas
  2 ball pythons
  4 bats
  A frilled lizard (D:2)
  5 rats
44 creatures vanquished.

Notes
Turn   | Place    | Note
-------+----------+-------------------------------------------
     0 | D:1      | happo123 the Tengu Air Elementalist began the quest for the
                  | Orb.
     0 | D:1      | Reached XP level 1. HP: 10/10 MP: 4/4
   283 | D:1      | Reached XP level 2. HP: 12/15 MP: 3/6
   288 | D:1      | Learned a level 2 spell: Static Discharge
   486 | D:1      | Found a faded altar of an unknown god.
  1159 | D:2      | Reached XP level 3. HP: 16/20 MP: 4/7
  1163 | D:2      | Learned a level 3 spell: Swiftness
  1580 | D:2      | Identified the +2 leather armour "Diunuip" {MP-9 Int+5}
  1872 | D:3      | Reached XP level 4. HP: 24/24 MP: 1/8
  1992 | D:3      | Noticed Sigmund
  2240 | D:3      | Found a burning altar of Makhleb.
  2288 | D:3      | HP: 1/24 [poisoned by an adder]
  2409 | D:3      | Killed from afar by Sigmund

Illustrated notes

Levels and vault maps discovered:
D:1:      scummos_arrival_forest, layout_loops_corners,
          shapermc_ecumenical_altar_totnotflames
D:2:      layout_rooms, minivault_27
D:3:      layout_rooms, mainiacjoe_overflow_boulevard,
          mainiacjoe_overflow_tiny_flanked, uniq_sigmund

Skill      XL: |  1  2 |
---------------+-------+-----
Conjurations   | 2 |  2.9
Fighting       | |  0.9
Short Blades   | |  0.9
Dodging        | |  2.6
Stealth        | |  2.4
Spellcasting   | |  2.2
Air Magic      | |  4.9

Action                   |  1- 3 |  4- 6 || total
-------------------------+-------+-------++-------
Melee: Short sword       |    10 |       ||    10
       Kick              |     3 |     2 ||     5
       Peck              |     2 |       ||     2
       Rapier            |    12 |     8 ||    20
       Punch             |       |     1 ||     1
 Cast: Shock             |    45 |     8 ||    53
       Static Discharge  |     3 |     2 ||     5
 Stab: Sleeping          |     2 |       ||     2
Armor: Robe              |    10 |     3 ||    13
Dodge: Dodged            |    33 |    14 ||    47

Table legend: (Time is in decaauts)
 A = Elapsed time spent in this place.
 B = Non-inter-level travel time spent in this place.
 C = Inter-level travel time spent in this place.
 D = Time resting spent in this place.
 E = Time spent auto-exploring this place.
 F = Levels seen in this place.
 G = Mean time per level.
                   A        B        C        D        E       F      G
               +--------+--------+--------+--------+--------+-----+--------+
         Total |   2412 |   1807 |    605 |    568 |    767 |   3 |  804.0 |
       Dungeon |   2412 |   1807 |    605 |    568 |    767 |   3 |  804.0 |
               +--------+--------+--------+--------+--------+-----+--------+

Top non-repeatable levels by time:
     D:1: 985 daAuts
     D:2: 977 daAuts
     D:3: 449 daAuts
